TOP OF THE 1ST |
Reading Phillies batting - Pitching for Pawtucket Paw Sox : LHP John Hobbs
|
Pitching: LHP John Hobbs
|
|
Batting: LHB George Johnson
|
0-0: Called Strike 0-1: Fly out, F8 (Flyball, 8RS, EV 83.1 MPH)
|
Batting: RHB Greg Dahl
|
0-0: Ball 1-0: Foul Ball, location: 2F 1-1: Ball 2-1: Ball 3-1: Base on Balls
|
Batting: RHB Paul Wirkus
|
0-0: Ball 1-0: Ball 2-0: Ground out 5-3 (Groundball, 56, EV 80.0 MPH) Greg Dahl to second
|
Batting: LHB Martino Martin
|
0-0: Called Strike 0-1: Ground out 4-3 (Groundball, 34, EV 106.3 MPH)
|
Top of the 1st over - 0 runs, 0 hits, 0 errors, 1 left on base; Reading 0 - Pawtucket 0 |
BOTTOM OF THE 1ST |
Pawtucket Paw Sox batting - Pitching for Reading Phillies : RHP Mark Parker
|
Pitching: RHP Mark Parker
|
|
Batting: LHB Dave Haberle
|
0-0: Foul Ball, location: 2F 0-1: Foul Ball, location: 2F 0-2: Foul Ball, location: 2F 0-2: SINGLE (Groundball, 34D, EV 94.4 MPH)
|
Batting: LHB Steven Garcia
|
0-0: Ball 1-0: Ball 2-0: Called Strike 2-1: Foul Ball, location: 2F 2-2: Ball 3-2: Fielders Choice at 2nd, 5-4 (Groundball, 56S, EV 82.5 MPH)
|
Batting: LHB Jeff Stone
|
0-0: Fly out, F7 (Flyball, 78M, EV 87.5 MPH)
|
Batting: LHB William Hance
|
0-0: Ball 1-0: Ball 2-0: Ground out 4-3 (Groundball, 34D, EV 76.3 MPH)
|
Bottom of the 1st over - 0 runs, 1 hit, 0 errors, 1 left on base; Reading 0 - Pawtucket 0 |
TOP OF THE 2ND |
Reading Phillies batting - Pitching for Pawtucket Paw Sox : LHP John Hobbs
|
Batting: SHB Doug Baker
|
0-0: Reached on error, E5 (Groundball, 56, EV 105.6 MPH)
|
Batting: RHB Gary Roenicke
|
0-0: Ball 1-0: Ball 2-0: Called Strike 2-1: Called Strike 2-2: Foul Ball, location: 2F 2-2: Foul Ball, location: 2F 2-2: Foul Ball, location: 2F 2-2: Foul Ball, location: 2F 2-2: Foul Ball, location: 2F 2-2: Ball 3-2: Base on Balls Doug Baker to second
|
Batting: RHB Mark Sproesser
|
0-0: Called Strike 0-1: Ball 1-1: Foul Ball, location: 2F 1-2: Ball 2-2: Foul Ball, location: 2F 2-2: Strikes out looking
|
Batting: LHB Pedro Rabassa
|
0-0: Ball 1-0: Foul Ball, location: 2F 1-1: Fly out, F8 (Flyball, 8RM, EV 81.9 MPH)
|
Batting: RHB Ricardo Rivera
|
0-0: Ball 1-0: Ball 2-0: Fielders Choice at 2nd, 6-4 (Groundball, 6, EV 83.1 MPH)
|
Top of the 2nd over - 0 runs, 0 hits, 1 error, 2 left on base; Reading 0 - Pawtucket 0 |
BOTTOM OF THE 2ND |
Pawtucket Paw Sox batting - Pitching for Reading Phillies : RHP Mark Parker
|
Batting: RHB Brick Smith
|
0-0: Foul Ball, location: 2F 0-1: Ball 1-1: Ball 2-1: Foul Ball, location: 2F 2-2: Ball 3-2: Fly out, F8 (Flyball, 8RM, EV 88.1 MPH)
|
Batting: LHB David Wiggins
|
0-0: Ball 1-0: Ball 2-0: Ground out 6-3 (Groundball, 6, EV 103.1 MPH)
|
Batting: RHB Robert Duran
|
0-0: Called Strike 0-1: Ball 1-1: Ball 2-1: Ground out 6-3 (Groundball, 6, EV 107.5 MPH)
|
Bottom of the 2nd over - 0 runs, 0 hits, 0 errors, 0 left on base; Reading 0 - Pawtucket 0 |
TOP OF THE 3RD |
Reading Phillies batting - Pitching for Pawtucket Paw Sox : LHP John Hobbs
|
Batting: LHB George Johnson
|
0-0: Ball 1-0: Ball 2-0: Fly out, F7 (Flyball, 7S, EV 76.3 MPH)
|
Batting: RHB Greg Dahl
|
0-0: Ball 1-0: Ball 2-0: Foul Ball, location: 2F 2-1: Called Strike 2-2: Ball 3-2: Base on Balls
|
Batting: RHB Paul Wirkus
|
0-0: Ball 1-0: Ball 2-0: Foul Ball, location: 2F 2-1: Fly out, F9 (Flyball, 89S, EV 85.6 MPH)
|
Batting: LHB Martino Martin
|
0-0: Fly out, F8 (Flyball, 8RD, EV 104.4 MPH)
|
Top of the 3rd over - 0 runs, 0 hits, 0 errors, 1 left on base; Reading 0 - Pawtucket 0 |
BOTTOM OF THE 3RD |
Pawtucket Paw Sox batting - Pitching for Reading Phillies : RHP Mark Parker
|
Batting: SHB Gary Weiss
|
0-0: Ball 1-0: Ball 2-0: Called Strike 2-1: Ball 3-1: Called Strike 3-2: Base on Balls
|
Batting: RHB Lenny Faedo
|
0-0: Ball 1-0: Grounds into double play, 4-6-3 (Groundball, 34, EV 89.4 MPH)
|
Batting: LHB Dave Haberle
|
0-0: Ball 1-0: Foul Ball, location: 2F 1-1: Called Strike 1-2: Strikes out swinging
|
Bottom of the 3rd over - 0 runs, 0 hits, 0 errors, 0 left on base; Reading 0 - Pawtucket 0 |
TOP OF THE 4TH |
Reading Phillies batting - Pitching for Pawtucket Paw Sox : LHP John Hobbs
|
Batting: SHB Doug Baker
|
0-0: Foul Ball, location: 2F 0-1: Ball 1-1: Foul Ball, location: 2F 1-2: Foul Ball, location: 2F 1-2: Ball 2-2: Ball 3-2: Ground out 6-3 (Groundball, 6S, EV 91.3 MPH)
|
Batting: RHB Gary Roenicke
|
0-0: Ball 1-0: Ball 2-0: Swinging Strike 2-1: Ball 3-1: Foul Ball, location: 2F 3-2: Foul Ball, location: 2F 3-2: Foul Ball, location: 2F 3-2: Strikes out looking
|
Batting: RHB Mark Sproesser
|
0-0: Called Strike 0-1: Ball 1-1: Ball 2-1: Called Strike 2-2: Fly out, F9 (Line Drive, 9, EV 91.3 MPH)
|
Top of the 4th over - 0 runs, 0 hits, 0 errors, 0 left on base; Reading 0 - Pawtucket 0 |
BOTTOM OF THE 4TH |
Pawtucket Paw Sox batting - Pitching for Reading Phillies : RHP Mark Parker
|
Batting: LHB Steven Garcia
|
0-0: Ball 1-0: Called Strike 1-1: Ground out 5-3 (Groundball, 56, EV 78.1 MPH)
|
Batting: LHB Jeff Stone
|
0-0: Foul Ball, location: 2F 0-1: Ground out U3 (Groundball, 3, EV 82.5 MPH)
|
Batting: LHB William Hance
|
0-0: Called Strike 0-1: Called Strike 0-2: Foul Ball, location: 2F 0-2: Foul Ball, location: 2F 0-2: Ball 1-2: Ball 2-2: Fly out, F5 (Popup, 5SF, EV 70.6 MPH)
|
Bottom of the 4th over - 0 runs, 0 hits, 0 errors, 0 left on base; Reading 0 - Pawtucket 0 |
TOP OF THE 5TH |
Reading Phillies batting - Pitching for Pawtucket Paw Sox : LHP John Hobbs
|
Batting: LHB Pedro Rabassa
|
0-0: Called Strike 0-1: Foul Ball, location: 2F 0-2: Strikes out looking
|
Batting: RHB Ricardo Rivera
|
0-0: Called Strike 0-1: Ball 1-1: Swinging Strike 1-2: SINGLE (Flyball, 9LS, EV 95.0 MPH)
|
Batting: LHB George Johnson
|
0-0: Swinging Strike 0-1: Swinging Strike Ricardo Rivera is caught stealing 2nd base 2-6 0-2: Ball 1-2: Strikes out looking
|
Top of the 5th over - 0 runs, 1 hit, 0 errors, 0 left on base; Reading 0 - Pawtucket 0 |
BOTTOM OF THE 5TH |
Pawtucket Paw Sox batting - Pitching for Reading Phillies : RHP Mark Parker
|
Batting: RHB Brick Smith
|
0-0: Swinging Strike 0-1: Ball 1-1: Fly out, F8 (Flyball, 8LM, EV 90.0 MPH)
|
Batting: LHB David Wiggins
|
0-0: Ball 1-0: Ball 2-0: Fly out, F9 (Flyball, 9LS, EV 85.0 MPH)
|
Batting: RHB Robert Duran
|
0-0: Ball 1-0: Ground out U3 (Groundball, 3, EV 100.6 MPH)
|
Bottom of the 5th over - 0 runs, 0 hits, 0 errors, 0 left on base; Reading 0 - Pawtucket 0 |
TOP OF THE 6TH |
Reading Phillies batting - Pitching for Pawtucket Paw Sox : LHP John Hobbs
|
Batting: RHB Greg Dahl
|
0-0: Ball 1-0: SINGLE (Line Drive, 6D, EV 99.4 MPH)
|
Batting: RHB Paul Wirkus
|
0-0: Ball 1-0: Called Strike 1-1: Ball 2-1: Ball 3-1: Foul Ball, location: 2F 3-2: Base on Balls Greg Dahl to second
|
Batting: LHB Martino Martin
|
0-0: Foul Ball, location: 2F 0-1: Ball 1-1: Ball 2-1: Ball 3-1: Base on Balls Greg Dahl to third Paul Wirkus to second
|
Batting: SHB Doug Baker
|
0-0: Called Strike 0-1: Foul Ball, location: 2F 0-2: Strikes out swinging
|
Batting: RHB Gary Roenicke
|
0-0: Ball 1-0: Swinging Strike 1-1: Ball 2-1: Ball 3-1: Foul Ball, location: 2F 3-2: SINGLE (Groundball, 56, EV 97.5 MPH) Greg Dahl scores Paul Wirkus to third Martino Martin to second Runner from 3rd tries for Home, SAFE, throw by LF to home
|
Batting: RHB Mark Sproesser
|
0-0: Ball 1-0: Foul Ball, location: 2F 1-1: Foul Ball, location: 2F 1-2: Strikes out swinging
|
Batting: LHB Pedro Rabassa
|
0-0: Ball 1-0: Foul Ball, location: 2F 1-1: Ball 2-1: Ball 3-1: Base on Balls Martino Martin to third Gary Roenicke to second
|
Batting: RHB Ricardo Rivera
|
0-0: Called Strike 0-1: Ball 1-1: Ball 2-1: Ball 3-1: Foul Ball, location: 2F 3-2: Foul Ball, location: 2F 3-2: Foul Ball, location: 2F 3-2: Fly out, F9 (Flyball, 9, EV 90.6 MPH)
|
Top of the 6th over - 2 runs, 2 hits, 0 errors, 3 left on base; Reading 2 - Pawtucket 0 |
BOTTOM OF THE 6TH |
Pawtucket Paw Sox batting - Pitching for Reading Phillies : RHP Mark Parker
|
Batting: SHB Gary Weiss
|
0-0: Ball 1-0: Foul Ball, location: 2F 1-1: Ball 2-1: Swinging Strike 2-2: Foul Ball, location: 2F 2-2: Ball 3-2: Ground out 4-3 (Groundball, 4, EV 84.4 MPH)
|
Batting: RHB Lenny Faedo
|
0-0: Ball 1-0: Foul Ball, location: 2F 1-1: Ball 2-1: Ground out 5-3 (Groundball, 56, EV 91.3 MPH)
|
Batting: LHB Dave Haberle
|
0-0: Foul Ball, location: 2F 0-1: Fly out, F7 (Flyball, 7D, EV 99.4 MPH)
|
Bottom of the 6th over - 0 runs, 0 hits, 0 errors, 0 left on base; Reading 2 - Pawtucket 0 |
TOP OF THE 7TH |
Reading Phillies batting - Pitching for Pawtucket Paw Sox : LHP John Hobbs
|
Batting: LHB George Johnson
|
0-0: Ground out 4-3 (Groundball, 4, EV 89.4 MPH)
|
Batting: RHB Greg Dahl
|
0-0: Fly out, F8 (Flyball, 8RXD, EV 101.3 MPH)
|
Batting: RHB Paul Wirkus
|
0-0: Swinging Strike 0-1: DOUBLE (Line Drive, 9LS, EV 104.4 MPH)
|
Batting: LHB Martino Martin
|
0-0: Called Strike 0-1: Ball 1-1: Foul Ball, location: 2F 1-2: Foul Ball, location: 2F 1-2: Fly out, F7 (Flyball, 78D, EV 87.5 MPH)
|
Top of the 7th over - 0 runs, 1 hit, 0 errors, 1 left on base; Reading 2 - Pawtucket 0 |
BOTTOM OF THE 7TH |
Pawtucket Paw Sox batting - Pitching for Reading Phillies : RHP Mark Parker
|
Batting: LHB Steven Garcia
|
0-0: Ball 1-0: DOUBLE (Line Drive, 78XD, EV 110.0 MPH)
|
Batting: LHB Jeff Stone
|
0-0: Ball 1-0: Foul Ball, location: 2F 1-1: Foul Ball, location: 2F 1-2: Fly out, F7 (Line Drive, 7, EV 102.5 MPH)
|
Batting: LHB William Hance
|
0-0: Ball 1-0: Ball 2-0: Ball 3-0: Base on Balls
|
Batting: RHB Brick Smith
|
0-0: Called Strike 0-1: Ball 1-1: SINGLE (Groundball, 34D, EV 96.3 MPH) Steven Garcia to third William Hance to second Runner from 3rd tries for Home, SAFE, throw by RF to home
|
Batting: LHB David Wiggins
|
0-0: Grounds into double play, 4-6-3 (Groundball, 4D, EV 101.3 MPH)
|
Bottom of the 7th over - 1 run, 2 hits, 0 errors, 1 left on base; Reading 2 - Pawtucket 1 |
TOP OF THE 8TH |
Reading Phillies batting - Pitching for Pawtucket Paw Sox : LHP John Hobbs
|
Batting: SHB Doug Baker
|
0-0: Ball 1-0: Ball 2-0: Ball 3-0: Base on Balls
|
Pitching: RHP Joe Thomas
|
|
Batting: RHB Gary Roenicke
|
0-0: Called Strike 0-1: Called Strike 0-2: Strikes out looking
|
Batting: RHB Mark Sproesser
|
0-0: Called Strike 0-1: Ball 1-1: Foul Ball, location: 2F 1-2: Ball 2-2: Foul Ball, location: 2F 2-2: Ball 3-2: Foul Ball, location: 2F 3-2: Grounds into double play, 6-4-3 (Groundball, 56, EV 84.4 MPH)
|
Top of the 8th over - 0 runs, 0 hits, 0 errors, 0 left on base; Reading 2 - Pawtucket 1 |
BOTTOM OF THE 8TH |
Pawtucket Paw Sox batting - Pitching for Reading Phillies : RHP Mark Parker
|
Batting: RHB Robert Duran
|
0-0: Ball 1-0: Called Strike 1-1: Ball 2-1: Ball 3-1: Base on Balls
|
Batting: SHB Gary Weiss
|
0-0: Bunt missed! 0-1: Bunt missed! 0-2: Ball 1-2: SINGLE (Groundball, 34D, EV 98.8 MPH) Robert Duran to second Runner from 2nd tries for 3rd, SAFE, throw by RF made to third
|
Pinch Hitting: RHB Dave Malpeso
|
0-0: Ball 1-0: Ball 2-0: Fly out, F9 (Line Drive, 9, EV 100.0 MPH) Runner from 3rd tags up, SCORES, no throw by RF
|
Batting: LHB Dave Haberle
|
0-0: Ball Gary Weiss steals 2nd base 1-0: Foul Ball, location: 2F 1-1: Called Strike 1-2: Strikes out swinging
|
Batting: LHB Steven Garcia
|
0-0: Ground out 4-3 (Groundball, 4, EV 86.3 MPH)
|
Bottom of the 8th over - 1 run, 1 hit, 0 errors, 1 left on base; Reading 2 - Pawtucket 2 |
TOP OF THE 9TH |
Reading Phillies batting - Pitching for Pawtucket Paw Sox : RHP Joe Thomas
|
Pitching: RHP Terry McAnnally
|
|
Now at SS: Gary Hargis
|
|
Batting: LHB Pedro Rabassa
|
0-0: Called Strike 0-1: Ground out 6-3 (Groundball, 6, EV 86.3 MPH)
|
Pinch Hitting: LHB Jerald Hammermeister
|
0-0: Ball 1-0: Ball 2-0: Ball 3-0: Called Strike 3-1: DOUBLE (Flyball, 5D, EV 90.0 MPH)
|
Batting: LHB George Johnson
|
0-0: Intentional Walk
|
Pinch Hitting: LHB Paul Hertzler
|
0-0: Ball 1-0: Foul Ball, location: 2F 1-1: Foul Ball, location: 2F 1-2: Ball 2-2: Strikes out swinging
|
Batting: RHB Paul Wirkus
|
0-0: Swinging Strike 0-1: Swinging Strike 0-2: Ball 1-2: Ball 2-2: Strikes out swinging
|
Top of the 9th over - 0 runs, 1 hit, 0 errors, 2 left on base; Reading 2 - Pawtucket 2 |
BOTTOM OF THE 9TH |
Pawtucket Paw Sox batting - Pitching for Reading Phillies : RHP Mark Parker
|
Now at C: Vincent Martelli
|
|
Now at 3B: Jerald Hammermeister
|
|
Batting: LHB Jeff Stone
|
0-0: Fly out, F7 (Flyball, 78M, EV 93.1 MPH)
|
Batting: LHB William Hance
|
0-0: Ball 1-0: Called Strike 1-1: SINGLE (Groundball, 6D, EV 101.3 MPH)
|
Pinch Runner at 1st Shooty Babitt:
|
|
Batting: RHB Brick Smith
|
0-0: Called Strike 0-1: Called Strike 0-2: Ball 1-2: Ball 2-2: Foul Ball, location: 2F 2-2: SINGLE (Flyball, 89S, EV 89.4 MPH) Shooty Babitt to second Runner from 2nd tries for 3rd, SAFE, no throw by CF
|
Batting: LHB David Wiggins
|
0-0: Foul Ball, location: 2F 0-1: Swinging Strike 0-2: Fielders Choice at 2nd, 1-6 (Groundball, 34S, EV 69.4 MPH)
|
Batting: RHB Robert Duran
|
0-0: Ball 1-0: Foul Ball, location: 2F 1-1: Ball 2-1: Ball 3-1: Foul Ball, location: 2F 3-2: Foul Ball, location: 2F 3-2: Foul Ball, location: 2F 3-2: SINGLE (Groundball, 56, EV 100.0 MPH) (infield hit) Shooty Babitt scores
|
Bottom of the 9th over - 1 run, 3 hits, 0 errors, 0 left on base; Reading 2 - Pawtucket 3 |
|